 Dungeon Crawl Stone Soup version 0.29-a0-813-g4a14ea37d6 (webtiles) character file.

Game seed: 7763082632018843877

592 bande the Trooper (level 7, -2/44 HPs)
             Began as a Gargoyle Fighter on July 4, 2022.
             Slain by Duvessa
             ... wielding a +0 short sword
              (14 damage)
             ... on level 5 of the Dungeon.
             The game lasted 00:06:26 (3920 turns).

bande the Trooper (Gargoyle Fighter)                Turns: 3920, Time: 00:06:27

Health: -2/44      AC: 22    Str: 20    XL:     7   Next: 39%
Magic:  7/7        EV:  7    Int:  8    God:
Gold:   153        SH:  4    Dex: 11    Spells: 6/6 levels left

rFire   . . .      SeeInvis .   a - +1 war axe (protect)
rCold   . . .      Faith    .   c - +0 buckler
rNeg    + . .      Spirit   .   i - +0 chain mail
rPois   ∞          Reflect  .   (no helmet)
rElec   +          Harm     .   m - scarf {repulsion}
rCorr   .          Rampage  .   h - +0 pair of gloves
Will    .....                   (no boots)
Stlth   ..........              (no amulet)
HPRegen 0.14/turn               (no ring)
MPRegen 0.10/turn               (no ring)

@: lit by a corona, under a protective aura, glowing, repel missiles
A: sickness immunity, AC +4, negative energy resistance 1, electricity
resistance, torment resistance 1, petrification resistance
a: no special abilities


You were on level 5 of the Dungeon.
You visited 1 branch of the dungeon, and saw 5 of its levels.

You collected 153 gold pieces.

Inventory:

Hand Weapons
 a - a +1 war axe of protection (weapon)
 f - a +0 flail
 n - a +0 war axe
Armour
 c - a +0 buckler (worn)
 h - a +0 pair of gloves (worn)
 i - a +0 chain mail (worn)
 l - a +0 cloak
 m - a scarf of repulsion (worn)
Scrolls
 g - 3 scrolls of identify
Potions
 b - 2 potions of brilliance
 d - a potion of might
 e - 3 potions of curing
 j - a potion of lignification {unknown}


   Skills:
 + Level 5.3 Fighting
 + Level 5.0 Axes
 + Level 5.0 Armour
 - Level 0.3 Stealth
 + Level 4.0 Shields


You had 6 spell levels left.
You didn't know any spells.
Your spell library was empty.

Dungeon Overview and Level Annotations

Branches:
Dungeon (5/15)
 Temple: D:4-7

Altars:
Uskayaw

Annotations:
D:5 Duvessa


Innate Abilities, Weirdness & Mutations

You are immune to sickness and miasma.
Your stone body is resilient. (AC +4)
You are immune to poison.
You resist negative energy. (rN+)
You are resistant to electric shocks. (rElec)
You are resistant to unholy torment.
You are immune to petrification.


Message History

Dowan gestures at you while chanting.
You are outlined in light.
Duvessa hits you but does no damage.
You hit Duvessa but do no damage.
Your weapon exudes an aura of protection.
You closely miss Dowan. Dowan hits you but does no damage.
Duvessa hits you but does no damage. Dowan hits you but does no damage.
You closely miss Duvessa. You slash Dowan! Duvessa hits you but does no damage.
Dowan hits you but does no damage.
You slash Dowan!
Dowan is almost dead.
You hit Duvessa. Duvessa hits you with a +0 short sword.
Dowan barely misses you. Duvessa hits you with a +0 short sword.
You slash Dowan!
You kill Dowan!
Duvessa screams in rage.
Duvessa goes berserk!
You barely miss Duvessa. Duvessa barely misses you.
Your Axes skill increases to level 5!
Your Armour skill increases to level 5!
You closely miss Duvessa.
Duvessa is lightly wounded.
Duvessa hits you but does no damage. x2
You slash Duvessa!
Duvessa is lightly wounded.
Duvessa hits you with a +0 short sword! x2
* * * LOW HITPOINT WARNING * * *
You are too injured to fight recklessly!
You are too injured to fight recklessly!
You are too injured to fight recklessly!
You are too injured to fight recklessly!
You are too injured to fight recklessly!
You are too injured to fight recklessly!
You are too injured to fight recklessly!
You are too injured to fight recklessly!
You feel better. Duvessa hits you but does no damage.
You block Duvessa's attack.
You slash Duvessa!
Duvessa is moderately wounded.
Duvessa hits you with a +0 short sword!
* * * LOW HITPOINT WARNING * * *
Duvessa hits you with a +0 short sword!
You die...

... ..# .... #.# #.#
#..# #.# #.# #..### #.#
#.# #.... #.# #.#
###...# #.# #.# ....(#
##.####.# #.#.###
.##)......#
#.....##.#@###.#÷#######
.######.###.##.e##
##......... ..<.....#
#.....# #.########
####.##.###.....## ##.#
#.##.......##.###.##
#.##.............##
#.###...#.##...#.# #.#
#####....#...# #.#
#.##...###


You could see Duvessa (berserk).

Vanquished Creatures
  A black bear (D:4)
  An ogre (D:4)
  2 phantoms (D:4)
  A necrophage (D:4)
  Dowan (D:5)
  A jelly (D:4)
  An iguana (D:5)
  2 adders (D:4)
  A gnoll (D:4)
  A white imp (D:5)
  An ufetubus (D:3)
  A dart slug (D:4)
  11 orcs
  3 ball pythons
  8 endoplasms
  2 giant cockroaches
  6 goblins
  4 hobgoblins
  A quokka (D:1)
  4 bats
  4 frilled lizards
  7 kobolds
  5 rats
69 creatures vanquished.

Notes
Turn   | Place    | Note
-------+----------+-------------------------------------------
     0 | D:1      | bande the Gargoyle Fighter began the quest for the Orb.
     0 | D:1      | Reached XP level 1. HP: 14/14 MP: 1/1
   167 | D:1      | Reached XP level 2. HP: 16/19 MP: 2/2
   375 | D:1      | Found a faded altar of an unknown god.
   764 | D:2      | Reached XP level 3. HP: 23/23 MP: 3/3
  1749 | D:3      | Reached XP level 4. HP: 29/29 MP: 4/4
  1985 | D:3      | Found a hide-covered altar of Uskayaw.
  2099 | D:4      | Noticed a necrophage
  2112 | D:4      | Killed a necrophage
  2113 | D:4      | Reached XP level 5. HP: 28/33 MP: 5/5
  2180 | D:4      | Noticed a phantom
  2185 | D:4      | Killed a phantom
  2368 | D:4      | Noticed a phantom
  2383 | D:4      | Killed a phantom
  2384 | D:4      | Reached XP level 6. HP: 19/39 MP: 6/6
  2936 | D:4      | Reached skill level 5 in Fighting
  3061 | D:5      | Entered Level 5 of the Dungeon
  3123 | D:5      | Reached XP level 7. HP: 38/44 MP: 7/7
  3171 | D:5      | Noticed Dowan
  3174 | D:5      | Noticed Duvessa
  3916 | D:5      | Killed Dowan
  3917 | D:5      | Reached skill level 5 in Axes
  3917 | D:5      | Reached skill level 5 in Armour
  3920 | D:5      | Slain by Duvessa

Illustrated notes

Levels and vault maps discovered:
D:1:      lemuel_arrival_lava_pool, layout_basic,
          shapermc_ecumenical_altar_ellora, st_stairs_13
D:2:      layout_basic, kennysheep_cluttered_room
D:3:      layout_rooms, mainiacjoe_overflow_six_doors_small
D:4:      layout_basic, kennysheep_flooded_box, minmay_quantized
D:5:      layout_loops_ring, mainiacjoe_overflow_surrounded_room,
          minmay_temple_entry_crystal_x, uniq_prince_ribbit1, uniq_duvessa

Skill      XL: |  1  2  3  4  5  6  7 |
---------------+----------------------+-----
Axes           | 2 3 4 5 |  5.0
Armour         | 4 5 |  5.0
Fighting       | 4 5 |  5.3
Shields        | 4 |  4.0
Stealth        | |  0.3

Action                   |  1- 3 |  4- 6 |  7- 9 || total
-------------------------+-------+-------+-------++-------
Melee: War axe           |    96 |    91 |    32 ||   219
  Use: Scroll            |     6 |     5 |       ||    11
       Potion            |       |       |     2 ||     2
Armor: Scale mail        |    64 |    15 |       ||    79
       Chain mail        |       |    35 |    55 ||    90
Dodge: Dodged            |    54 |    25 |    30 ||   109
       Repelled          |       |     3 |     1 ||     4
Block: Buckler           |    23 |    16 |     8 ||    47

Table legend: (Time is in decaauts)
 A = Elapsed time spent in this place.
 B = Non-inter-level travel time spent in this place.
 C = Inter-level travel time spent in this place.
 D = Time resting spent in this place.
 E = Time spent auto-exploring this place.
 F = Levels seen in this place.
 G = Mean time per level.
                   A        B        C        D        E       F      G
               +--------+--------+--------+--------+--------+-----+--------+
         Total |   4005 |   3936 |     69 |   1024 |   2253 |   5 |  801.0 |
       Dungeon |   4005 |   3936 |     69 |   1024 |   2253 |   5 |  801.0 |
               +--------+--------+--------+--------+--------+-----+--------+

Top non-repeatable levels by time:
     D:4: 1711 daAuts
     D:2: 750 daAuts
     D:1: 749 daAuts
     D:3: 646 daAuts
     D:5: 148 daAuts
